 Dungeon Crawl Stone Soup version 0.30-a0-55-g90e3122c3a (webtiles) character file.

Game seed: 18401614034803662357

224 LnG the Covered (level 6, -4/53 HPs)
             Began as a Hill Orc Fighter on Sept 9, 2022.
             Killed by nerve-wracking pain
             ... invoked by Grinder
              (13 damage)
             ... on level 3 of the Dungeon.
             The game lasted 00:07:00 (3838 turns).

LnG the Covered (Hill Orc Fighter)                  Turns: 3838, Time: 00:07:00

Health: -4/53      AC:  8    Str: 21    XL:     6   Next: 0%
Magic:  6/6        EV:  9    Int:  8    God:
Gold:   95         SH:  4    Dex: 10    Spells: 5/5 levels left

rFire   . . .      SeeInvis .    a - +0 rapier
rCold   . . .      Faith    .    c - +0 buckler
rNeg    . . .      Spirit   .    b - +0 scale mail
rPois   .          Reflect  .    o - +0 helmet
rElec   .          Harm     .    (no cloak)
rCorr   .          Rampage  .    (no gloves)
Will    .....                    (no boots)
Stlth   ..........               (no amulet)
HPRegen 0.17/turn                (no ring)
MPRegen 0.10/turn                (no ring)

@: no status effects
A: no striking features
a: no special abilities


You were on level 3 of the Dungeon.
You visited 1 branch of the dungeon, and saw 3 of its levels.

You collected 95 gold pieces.

Inventory:

Hand Weapons
 a - a +0 rapier (weapon)
Missiles
 p - 2 boomerangs (quivered)
Armour
 b - a +0 scale mail (worn)
 c - a +0 buckler (worn)
 o - a +0 helmet (worn)
Wands
 d - a wand of paralysis (7)
Scrolls
 g - 4 scrolls of identify {unknown}
 i - 2 scrolls of enchant weapon {unknown}
 q - a scroll of noise {unknown}
Potions
 e - a potion of degeneration {unknown}
 f - 3 potions of curing {unknown}
 h - a potion of cancellation {unknown}
 j - a potion of lignification {unknown}
 k - 2 potions of flight {unknown}
 l - a potion of attraction {unknown}
 m - 2 potions of brilliance {unknown}
 n - 2 potions of haste {unknown}


   Skills:
 + Level 4.3 Fighting
 + Level 4.0 Short Blades
 + Level 4.4 Armour
 + Level 1.0 Dodging
 + Level 0.2 Stealth
 + Level 4.1 Shields


You had 5 spell levels left.
You didn't know any spells.
Your spell library contained the following spells:

 Spells                   Type           Power      Damage    Failure   Level
 Foxfire                  Conj/Fire      0%         2x1d4     83%         1
 Conjure Flame            Conj/Fire      0%         6-21      99%         3
 Ignite Poison            Fire/Tmut/Pois 0%         N/A       99%         3
 Inner Flame              Hex/Fire       0%         N/A       99%         3
 Mephitic Cloud           Conj/Pois/Air  0%         N/A       99%         3
 Flame Wave               Conj/Fire      0%         2d4       100%        4
 Freezing Cloud           Conj/Ice/Air   0%         6-21      100%        5


Dungeon Overview and Level Annotations

Branches:
Dungeon (3/15)

Altars:
Sif Muna

Shops:
D:3 (

Annotations:
D:3 Grinder, Ijyb


Message History

Grinder closely misses you.
You hit Grinder.
Grinder is heavily wounded.
Grinder hits you but does no damage.
You barely miss Grinder.
Grinder is heavily wounded.
Grinder hits you!
You writhe in agony.
The goblin barely misses you.
You hit Grinder.
Grinder is severely wounded.
Grinder hits you. The goblin hits you with a +0 club.
You barely miss Grinder.
Grinder is severely wounded.
Grinder gestures at you. Pain shoots through your body!
You block the goblin's attack.
You hit Grinder.
Grinder is almost dead.
Grinder says, "Just stop there for a second..."
Grinder completely misses you. The goblin hits you with a +0 club.
You closely miss Grinder.
Grinder is almost dead.
Grinder gestures at you. You resist with significant effort.
The goblin closely misses you.
You barely miss Grinder.
Grinder is almost dead.
Grinder gestures at you.
You suddenly lose the ability to move!
The goblin hits you but does no damage. Grinder gestures at you.
Pain shoots through your body!
* * * LOW HITPOINT WARNING * * *
The goblin hits you but does no damage.
Grinder blinks!
The goblin hits you but does no damage. x2
Grinder says, "Tell me all your secrets, or I'll kill you."
Grinder gestures at you. You resist with significant effort.
The goblin hits you but does no damage.
You can move again.
You hit Grinder.
Grinder is almost dead.
Grinder gestures at you. Pain shoots through your body!
You die...

#..# #..# #..# #. #..#
#. #..###### #.
#.......# .####
#.....#.####...##
#.#g..#...#.....##
###@#####..).....#
#..##..5....#.5†.∩...#
#..........#........#
......#.....#.#..§..##
.###..#.#.....##...##
#..#.#.#.#.#.##... #.
#<#.#.#.#. ##.. ..
###...#.#. .... ..
....#.## .##


You could see Grinder and a goblin.

Vanquished Creatures
  Jessica (D:2)
  Natasha (thrice) (D:2)
  Robin (D:2)
  5 adders
  A worm (D:2)
  A dart slug (D:2)
  An orc (D:2)
  5 ball pythons
  8 endoplasms
  A giant cockroach (D:2)
  11 goblins
  6 hobgoblins
  5 kobolds
  2 quokkas (D:2)
  5 bats (D:1)
  4 frilled lizards
  6 rats
66 creatures vanquished.

Notes
Turn   | Place    | Note
-------+----------+-------------------------------------------
     0 | D:1      | LnG the Hill Orc Fighter began the quest for the Orb.
     0 | D:1      | Reached XP level 1. HP: 19/19 MP: 1/1
    94 | D:1      | Reached XP level 2. HP: 21/27 MP: 2/2
   862 | D:1      | Reached XP level 3. HP: 33/33 MP: 3/3
  1042 | D:2      | Noticed Robin
  1803 | D:2      | Reached XP level 4. HP: 37/40 MP: 4/4
  1804 | D:2      | Noticed Natasha
  1824 | D:2      | Killed Robin
  1824 | D:2      | HP: 2/40 [goblin/+0 club[Robin] (4)]
  1830 | D:2      | Killed Natasha
  2197 | D:2      | Noticed Natasha
  2217 | D:2      | Killed Natasha
  2218 | D:2      | Reached XP level 5. HP: 16/46 MP: 5/5
  2240 | D:2      | Noticed Natasha
  2420 | D:2      | Killed Natasha
  2534 | D:2      | Noticed Jessica
  2569 | D:2      | Killed Jessica
  2837 | D:3      | Found a shimmering blue altar of Sif Muna.
  2909 | D:3      | Noticed Ijyb
  2909 | D:3      | Noticed an ogre
  3214 | D:3      | Reached skill level 1 in Dodging
  3214 | D:3      | Reached XP level 6. HP: 50/53 MP: 6/6
  3236 | D:3      | Found Zaikes's Weapon Shop.
  3245 | D:3      | Noticed Grinder
  3541 | D:3      | Paralysed by Grinder for 2 turns
  3833 | D:3      | Paralysed by Grinder for 5 turns
  3838 | D:3      | Killed from afar by Grinder

Illustrated notes

Levels and vault maps discovered:
D:1:      grunt_arrival_lava_bath, layout_loops_ring,
          dreamdust_princess_corridor
D:2:      layout_basic, uniq_natasha, uniq_robin, uniq_jessica
D:3:      layout_basic, led_sif_book, nicolae_overflow_squiral,
          mainiacjoe_overflow_swirl, shapermc_ecumenical_altar_mp_highgroup,
          serial_shops, nicolae_shop_bloodbath_and_beyond, shop, uniq_grinder,
          uniq_ijyb

Skill      XL: |  1  2  3  4  5 |
---------------+----------------+-----
Fighting       | 4 |  4.3
Short Blades   | 3 4 |  4.0
Armour         | 4 |  4.4
Shields        | 4 |  4.1
Dodging        | 1 |  1.0
Stealth        | |  0.2

Action                   |  1- 3 |  4- 6 || total
-------------------------+-------+-------++-------
Melee: Rapier            |   166 |   173 ||   339
  Use: Potion            |       |     1 ||     1
Armor: Scale mail        |    83 |    67 ||   150
       Skin              |       |    11 ||    11
Dodge: Dodged            |    92 |    52 ||   144
Block: Buckler           |    41 |    28 ||    69

Table legend: (Time is in decaauts)
 A = Elapsed time spent in this place.
 B = Non-inter-level travel time spent in this place.
 C = Inter-level travel time spent in this place.
 D = Time resting spent in this place.
 E = Time spent auto-exploring this place.
 F = Levels seen in this place.
 G = Mean time per level.
                   A        B        C        D        E       F      G
               +--------+--------+--------+--------+--------+-----+--------+
         Total |   3879 |   3745 |    134 |   1612 |   1229 |   3 | 1293.0 |
       Dungeon |   3879 |   3745 |    134 |   1612 |   1229 |   3 | 1293.0 |
               +--------+--------+--------+--------+--------+-----+--------+

Top non-repeatable levels by time:
     D:2: 1944 daAuts
     D:1: 1614 daAuts
     D:3: 320 daAuts
